 Dungeon Crawl Stone Soup version 0.18.1-47-g9310371 (webtiles) character file.

3311 modernzombie the Cleaver (level 9, -5/85 HPs)
             Began as a Deep Dwarf Berserker on June 21, 2016.
             Was a Priest of Trog.
             Slain by a white ugly thing (25 damage)
             ... on level 8 of the Dungeon.
             The game lasted 00:41:07 (5674 turns).

modernzombie the Cleaver (Deep Dwarf Berserker)     Turns: 5674, Time: 00:41:08

Health: -5/85      AC: 19    Str: 24    XL:     9   Next: 70%
Magic:  10/10      EV: 15    Int:  6    God:    Trog [***...]
Gold:   283        SH:  0    Dex: 12    Spells: 0 memorised, 8 levels left

rFire  . . .     SeeInvis +     r - +3 battleaxe (freeze)
rCold  . . .     Gourm    +     k - +0 chain mail
rNeg   . . .     Faith    .     (shield currently unavailable)
rPois  .         Spirit   .     d - +1 helmet
rElec  .         Dismiss  .     x - +0 cloak
rCorr  .         Reflect  .     u - +0 pair of gloves
SustAt .         Harm     .     (no boots)
MR     +....                    f - amulet of the gourmand
Stlth  ..........               t - ring of see invisible
                                z - +5 ring of evasion

@: non-regenerating, somewhat resistant to hostile enchantments, extremely
unstealthy
A: damage resistance, recharge devices, slimy green scales 2, dopey 1, sense
surroundings 2, slow regeneration 3
a: Device Recharging, Berserk, Trog's Hand, Burn Spellbooks, Renounce Religion


You were on level 8 of the Dungeon.
You worshipped Trog.
Trog was most pleased with you.
You were completely stuffed.

You visited 1 branch of the dungeon, and saw 8 of its levels.

You collected 283 gold pieces.

Inventory:

Hand Weapons
 n - a +0 war axe
 o - a +3 scimitar
 r - a +3 battleaxe of freezing (weapon)
 v - a cursed -3 mace
 w - a +2 quarterstaff of chaos
 y - a +4 mace
Armour
 d - a +1 helmet (worn)
 k - a +0 chain mail (worn)
 u - a +0 pair of gloves (worn)
 x - a +0 cloak (worn)
Magical Staves
 i - an uncursed staff of cold {unknown}
Jewellery
 f - an amulet of the gourmand (around neck)
 m - a cursed amulet of inaccuracy {unknown}
 t - a ring of see invisible (right hand)
 z - a +5 ring of evasion (left hand)
 B - an uncursed ring of flight
Wands
 c - a wand of heal wounds (1/9)
 h - a wand of confusion (28/48)
 s - a wand of flame (17/48)
Scrolls
 b - a scroll of remove curse
 e - a scroll of immolation
 j - a scroll of random uselessness
 q - a scroll of teleportation
 D - a scroll of recharging
 F - a scroll of blinking
Potions
 a - a potion of ambrosia
 g - 3 potions of lignification
 p - a potion of haste
 A - a potion of mutation
Comestibles
 l - a chunk of flesh
 G - 2 fruits


   Skills:
 + Level 6.8 Fighting
 + Level 9.8 Axes
 + Level 8.0 Armour
 + Level 5.1 Dodging
 + Level 1.5 Stealth
 + Level 1.3 Evocations


You had 8 spell levels left.
You didn't know any spells.

Dungeon Overview and Level Annotations

Branches:
Dungeon (8/15)             Temple (0/1) D:7
   Lair: D:8-11

Altars:
Elyvilon
Gozag
Qazlal
The Shining One


Innate Abilities, Weirdness & Mutations

You are resistant to damage.
You can recharge devices by infusing magical energy.
You passively map the area around you.
You do not regenerate naturally.
You are mostly covered in slimy green scales (AC +3).
You are dopey. (Int -2)


Message History

Trog accepts your kill.
You feel less exhausted. The bat barely misses you.
The bat completely misses you.
The white ugly thing closely misses you.
You barely miss the white ugly thing.
The white ugly thing is moderately wounded.
You slash the bat! You freeze the bat.
You kill the bat!
Trog accepts your kill.
The white ugly thing closely misses you.
The rat closely misses you.
You slash the white ugly thing! You freeze the white ugly thing.
The white ugly thing is moderately wounded.
You slash the rat! You freeze the rat.
You kill the rat!
Trog accepts your kill. The white ugly thing bites you!
The white ugly thing freezes you!!
* * * LOW HITPOINT WARNING * * *
The white ugly thing bites you. The white ugly thing freezes you!!
You die... *#..####+# ##'##.) ,, , ,, *#..##....###.##.. * *,., ##.............#.. , * .. , '.............#.. , * PP.

, #.............#.. ,
.P.r## #..##...###.###..
,
......##..########.###..
, ,,
......a#†...............
PP...ru@..........<.....
,
.##...##................
, , ##+
#................ * ,
,*#..##...##..##... , ,
#..#######..# ### , ** ,
, #... ,....., , * * ,
*#.... ...... ,* , ,
#.... , ......., * , , ,
,, , ......


You could see a white ugly thing, a worker ant and 2 rats.

Vanquished Creatures
  The ghost of Vincendra the Basher, a novice MiFi of Okawaru (D:8)
  The ghost of simples the Covert, a novice SpEn of Dithmenos (D:7)
  Prince Ribbit (D:7)
  Grinder (D:6)
  A hippogriff (D:7)
  2 water moccasins
  An orc warrior (D:6)
  2 phantoms
  A sky beast (D:7)
  2 ogres
  2 centaurs
  A wyvern skeleton (D:6)
  A wyvern zombie (D:7)
  A scorpion (D:4)
  4 wights (D:6)
  A howler monkey (D:8)
  2 crimson imps
  Crazy Yiuf (D:3)
  A jelly (D:5)
  4 orc priests
  2 hounds
  4 orc wizards (D:4)
  2 giant frog skeletons
  A centaur skeleton (D:7)
  An iguana (D:4)
  5 worker ants
  A hound skeleton (D:7)
  2 adders
  A shadow imp (D:7)
  An adder zombie (D:8)
  6 dart slugs
  3 giant geckos
  22 orcs
  2 ball pythons
  2 giant cockroaches
  4 goblins
  11 hobgoblins
  5 jackals (D:5)
  8 bats
  A giant gecko skeleton (D:4)
  3 giant newts
  A jackal zombie (D:6)
  8 kobolds
  10 rats
  A butterfly (D:7)
138 creatures vanquished.

Vanquished Creatures (others)
  7 fungi (D:8)
  5 plants (D:8)
12 creatures vanquished.

Grand Total: 150 creatures vanquished

Notes
Turn   | Place    | Note
--------------------------------------------------------------
     0 | D:1      | modernzombie the Deep Dwarf Berserker began the quest for the Orb.
     0 | D:1      | Reached XP level 1. HP: 20/20 MP: 1/1
   183 | D:1      | Reached XP level 2. HP: 13/27 MP: 2/2
   416 | D:2      | Found a faded altar to an unknown god.
  1046 | D:2      | Reached skill level 4 in Axes
  1143 | D:2      | Reached XP level 3. HP: 23/33 MP: 3/3
  1152 | D:2      | Reached ** piety under Trog
  1418 | D:3      | Found a white marble altar of Elyvilon.
  1575 | D:3      | Reached XP level 4. HP: 32/42 MP: 4/4
  1629 | D:3      | Found a white marble altar of Elyvilon.
  1673 | D:3      | Found a stormy altar of Qazlal.
  1784 | D:3      | Noticed Crazy Yiuf
  1790 | D:3      | Killed Crazy Yiuf
  2415 | D:4      | Gained mutation: You are partially covered in slimy green scales (AC +2). [potion of mutation]
  2415 | D:4      | Gained mutation: You are dopey. (Int -2) [potion of mutation]
  2415 | D:4      | Gained mutation: You are mostly covered in slimy green scales (AC +3). [potion of mutation]
  2518 | D:4      | Reached XP level 5. HP: 49/49 MP: 5/5
  2646 | D:4      | Reached skill level 5 in Axes
  2646 | D:4      | Reached XP level 6. HP: 43/57 MP: 6/6
  2914 | D:4      | Reached *** piety under Trog
  3066 | D:4      | Reached XP level 7. HP: 36/64 MP: 7/7
  3217 | D:5      | Entered Level 5 of the Dungeon
  3305 | D:5      | Reached skill level 6 in Axes
  3387 | D:5      | Reached skill level 5 in Armour
  3753 | D:6      | Reached skill level 1 in Evocations
  3769 | D:6      | Reached skill level 7 in Axes
  3770 | D:6      | Reached XP level 8. HP: 64/73 MP: 8/8
  3965 | D:6      | Found a glowing golden altar of the Shining One.
  4102 | D:6      | Reached skill level 5 in Fighting
  4390 | D:6      | Noticed Grinder
  4399 | D:6      | Paralysed by Grinder for 2 turns
  4423 | D:6      | Killed Grinder
  4423 | D:6      | Reached skill level 8 in Axes
  4518 | D:7      | Noticed simples's ghost (novice SpEn)
  4529 | D:7      | Killed simples's ghost
  4529 | D:7      | Reached skill level 1 in Stealth
  4531 | D:7      | Gained mutation: You passively map the area around you. [Deep Dwarf growth]
  4531 | D:7      | Reached XP level 9. HP: 80/82 MP: 9/9
  4586 | D:7      | Found a staircase to the Ecumenical Temple.
  4700 | D:7      | Noticed Prince Ribbit
  4863 | D:7      | Found an opulent altar of Gozag.
  5264 | D:7      | Killed Prince Ribbit
  5264 | D:7      | Reached skill level 9 in Axes
  5611 | D:8      | Reached skill level 5 in Dodging
  5615 | D:8      | Noticed Vincendra's ghost (novice MiFi)
  5626 | D:8      | Killed Vincendra's ghost
  5667 | D:8      | Noticed a white ugly thing
  5674 | D:8      | Slain by a white ugly thing

Skill      XL: |  1  2  3  4  5  6  7  8  9 |
---------------+----------------------------+-----
Axes           | 4 5 7 8 9 |  9.8
Fighting       | 3 4 5 6 |  6.8
Dodging        | 3 4 5 |  5.1
Armour         | 3 4 5 6 8 |  8.0
Evocations     | 1 |  1.3
Stealth        | 1 |  1.5

Action                   |  1- 3 |  4- 6 |  7- 9 || total
-------------------------+-------+-------+-------++-------
Melee: Hand axe          |   114 |       |       ||   114
       War axe           |    24 |   110 |    90 ||   224
       Battleaxe         |       |       |   137 ||   137
Invok: Berserk           |       |     3 |     9 ||    12
       Trog's Hand       |       |     2 |     5 ||     7
       Burn Spellbooks   |       |       |     1 ||     1
Evoke: Wand              |     2 |       |     2 ||     4
  Use: Scroll            |     3 |     8 |     7 ||    18
       Potion            |       |     9 |       ||     9
  Eat: Bread ration      |     2 |       |     1 ||     3
       Beef jerky        |     1 |       |       ||     1
       Meat ration       |       |     1 |     2 ||     3
       Fruit             |       |       |     4 ||     4
       Chunk             |       |       |     5 ||     5
       Pizza             |       |       |     1 ||     1
Armor: Animal skin       |    17 |       |       ||    17
       Chain mail        |    54 |    55 |   126 ||   235
Dodge: Dodged            |    73 |    44 |   133 ||   250
